 Dungeon Crawl Stone Soup version 0.20.1-1-g8b1a95d (webtiles) character file.

16 tailblues the Magician (level 2, -2/20 HPs)
             Began as a Demigod Wizard on Nov 4, 2017.
             Killed from afar by a dart slug (3 damage)
             ... with a slug dart
             ... on level 2 of the Dungeon.
             The game lasted 00:02:04 (1057 turns).

tailblues the Magician (Demigod Wizard)             Turns: 1057, Time: 00:02:05

Health: -2/20      AC:  2    Str: 10    XL:     2   Next: 24%
Magic:  2/8        EV: 12    Int: 22    God:
Gold:   44         SH:  0    Dex: 14    Spells: 2/7 levels left

rFire    . . .     SeeInvis .   k - +0 dagger
rCold    . . .     Gourm    .   (no shield)
rNeg     . . .     Faith    .   a - +0 robe
rPois    .         Spirit   .   b - +0 hat
rElec    .         Reflect  .   (no cloak)
rCorr    .         Harm     .   (no gloves)
MR       .....                  (no boots)
Stlth    ++........             (no amulet)
Regen    0.1/turn               (no ring)
MPRegen  0.2/turn               (no ring)

@: very slightly contaminated
A: high mp 1
a: no special abilities


You were on level 2 of the Dungeon.
You were hungry.

You visited 1 branch of the dungeon, and saw 2 of its levels.

You collected 44 gold pieces.

Inventory:

Hand Weapons
 k - a +0 dagger (weapon)
Missiles
 h - 42 bolts
Armour
 a - a +0 robe (worn)
 b - a +0 hat (worn)
Jewellery
 l - an uncursed ring of fire
Scrolls
 e - a scroll of enchant weapon {unknown}
 f - a scroll of teleportation {unknown}
 j - a scroll of amnesia {unknown}
Potions
 i - 2 potions of haste {unknown}
Books
 c - a book of Minor Magic

   Spells                             Type                      Level
   a - Magic Dart                     Conjuration                  1
   b - Blink                          Translocation                2
   c - Call Imp                       Summoning                    2
   d - Slow                           Hexes                        2
   e - Conjure Flame                  Conjuration/Fire             3
   f - Mephitic Cloud                 Conjuration/Poison/Air       3
Comestibles
 d - a bread ration
 g - a meat ration
 m - 3 chunks of flesh


   Skills:
 + Level 1.7 Dodging
 + Level 1.8 Stealth
 + Level 3.2 Spellcasting
 + Level 1.0 Conjurations
 + Level 1.0 Summonings
 + Level 0.8 Translocations


You had 2 spell levels left.
You knew the following spells:

 Your Spells              Type           Power        Failure   Level  Hunger
a - Magic Dart            Conj           #...         9%          1    None
b - Call Imp              Summ           #.......     12%         2    ##.....
B - Blink                 Tloc           N/A          13%         2    ##.....


Dungeon Overview and Level Annotations

Branches:
Dungeon (1/15)


Innate Abilities, Weirdness & Mutations

You have an increased reservoir of magic. (+10% MP)


Message History

Your crimson imp barely misses the hobgoblin.
Your crimson imp hits the hobgoblin but does no damage.
The hobgoblin hits you with a club.
* * * LOW HITPOINT WARNING * * *
Your crimson imp blinks!
You see here a dagger.
Your crimson imp completely misses the hobgoblin.
Your crimson imp blinks!
Your crimson imp blinks!
You see here a leather armour.
Your crimson imp blinks!
Casting: Call Imp
Confirm with . or Enter, or press ? or * to list all spells.
You blink.
Your crimson imp blinks!
A dart slug comes into view.
Your crimson imp blinks!
The dart slug launches a dart at you. The slug dart hits you!
You die...

##.......####.$....>.
#.........#w........#
#.............####.##
#.........#...#
#...§.......##.....
#.........#.#..####
#...5[......#.##
#...g§....###.#
#...@......5..####
#.................
#.............##..
##.......#)......#
##.....##....####
########....# #....#
######


You could see a dart slug, a hobgoblin and 2 friendly crimson imps.

Vanquished Creatures
  5 goblins
  A bat (D:1)
  3 frilled lizards (D:1)
  2 kobolds (D:1)
  3 rats (D:1)
14 creatures vanquished.

Vanquished Creatures (collateral kills)
  A giant cockroach (D:2)
  A kobold (D:1)
  A frilled lizard (D:2)
3 creatures vanquished.

Grand Total: 17 creatures vanquished

Notes
Turn   | Place    | Note
-------+----------+-------------------------------------------
     0 | D:1      | tailblues the Demigod Wizard began the quest for the Orb.
     0 | D:1      | Reached XP level 1. HP: 14/14 MP: 6/6
   188 | D:1      | Reached skill level 3 in Spellcasting
   345 | D:1      | Reached XP level 2. HP: 20/20 MP: 1/8
   349 | D:1      | Learned a level 2 spell: Call Imp
   352 | D:1      | Learned a level 2 spell: Blink
   847 | D:1      | You fall through a shaft!
   863 | D:2      | Reached skill level 1 in Summonings
  1044 | D:2      | Reached skill level 1 in Conjurations
  1045 | D:2      | HP: 1/20 [hobgoblin/club (1)]
  1057 | D:2      | Killed from afar by a dart slug

Skill      XL: |  1  2 |
---------------+-------+-----
Spellcasting   | 3 |  3.2
Summonings     | 1 |  1.0
Conjurations   | 1 |  1.0
Dodging        | |  1.7
Stealth        | |  1.8
Translocations | |  0.8

Action                   || total
-------------------------++-------
Melee: Dagger            ||    21
 Cast: Magic Dart        ||    22
       Call Imp          ||     7
       Blink             ||     1
 Stab: Sleeping          ||     1
Armor: Robe              ||     2
Dodge: Dodged            ||    11
